 Dungeon Crawl Stone Soup version 0.31-a0-472-g43a2ca8e1b (webtiles) character file.

Game seed: 5320450864073350895

53 Ethylacetat the Insei (level 3, -1/24 HPs)
             Began as an Octopode Shapeshifter on Aug 6, 2023.
             Slain by a gnoll
             ... wielding a +0 flail
              (10 damage)
             ... on level 2 of the Dungeon.
             The game lasted 00:00:57 (1599 turns).

Ethylacetat the Insei (Octopode Shapeshifter)       Turns: 1599, Time: 00:00:58

Health: -1/24      AC:  1    Str: 14    XL:     3   Next: 87%
Magic:  3/3        EV: 13    Int: 10    God:
Gold:   112        SH:  0    Dex: 14    Spells: 2/2 levels left

rFire   . . .        h - +0 dagger (speed)
rCold   . . .        (no shield)
rNeg    . . .        (helmet currently unavailable)
rPois   .            (no amulet)
rElec   .            (no ring)
rCorr   .            (no ring)
SInv    .            (no ring)
Will    .....        (no ring)
Stlth   ++           (no ring)
HPRegen 0.24/turn    (no ring)
MPRegen 0.08/turn    (no ring)
                     (no ring)

%: no passive effects
@: beast-form
A: beast (slay +2), almost no armour, amphibious, 8 rings, camouflage 1,
gelatinous body 1, (nimble swimmer 1), tentacles
a: Begin Untransformation


You were on level 2 of the Dungeon.
You were a hulking beast.
You visited 1 branch of the dungeon, and saw 2 of its levels.

You collected 112 gold pieces.

Inventory:

Hand Weapons
 h - a +0 dagger of speed (weapon)
Talismans
 b - a beast talisman (active)
Scrolls
 d - 3 scrolls of identify {unknown}
 f - 2 scrolls of poison {unknown}
 g - a scroll of fear {unknown}
 l - a scroll of teleportation {unknown}
 n - a scroll of revelation {unknown}
Potions
 a - 2 potions of lignification
 c - a potion of mutation {unknown}
 e - a potion of ambrosia {unknown}
 i - 2 potions of degeneration {unknown}
 j - a potion of curing {unknown}
 k - a potion of enlightenment {unknown}
 m - a potion of haste {unknown}
 o - a potion of brilliance {unknown}


   Skills:
 + Level 1.9 Fighting
 - Level 2.4 Dodging
 + Level 3.4 Unarmed Combat
 * Level 3.4 Shapeshifting


You had 2 spell levels left.
You didn't know any spells.
Your spell library was empty.

Dungeon Overview and Level Annotations

Branches:
Dungeon (2/15)

Altars:


Innate Abilities, Weirdness & Mutations

You are a hulking beast.
Your limbs bulge with bestial killing power. (Slay +2)
You cannot wear most types of armour.
You are amphibious.
You can wear up to eight rings at the same time.
Your skin changes colour to match your surroundings (Stealth+).
Your rubbery body absorbs attacks. (AC +1, EV +1)
((You are camouflaged when in or above water. (Stealth+)))
You have tentacles for arms and can constrict up to eight enemies at once.


Message History

No target in view!
You now have 112 gold pieces (gained 16).
a - 2 potions of lignification (gained 1)
Found a mace.
No target in view!
Key pressed, stopping explore.
No target in view!
No target in view!
A gnoll comes into view. It is wielding a +0 spear.
The gnoll shouts!
You hear a shout! x2
A gnoll comes into view. It is wielding a +0 whip.
There are monsters nearby!
A gnoll comes into view. It is wielding a +0 flail.
There are monsters nearby!
A kobold comes into view. It is wielding a +0 short sword.
The gnoll shouts!
You hear a shout!
The gnoll hits you with a +0 spear.
The kobold moves out of view.
There are monsters nearby!
You barely miss the gnoll. Your grab misses the gnoll.
You barely miss the gnoll. You grab the gnoll. You constrict the gnoll.
A gnoll comes into view. It is wielding a +0 flail.
The gnoll closely misses you.
You hit the gnoll. You squeeze the gnoll.
The gnoll is moderately wounded.
You constrict the gnoll. The gnoll closely misses you.
You hit the gnoll.
The gnoll is heavily wounded.
You constrict the gnoll. You hit the gnoll but do no damage.
The gnoll is severely wounded.
You constrict the gnoll. The gnoll hits you with a +0 spear.
The gnoll hits you with a +0 whip.
You are too injured to fight recklessly!
You are too injured to fight recklessly!
You are too injured to fight recklessly!
You hit the gnoll.
You kill the gnoll!
The gnoll hits you with a +0 whip. The gnoll attacks as you move away!
The gnoll hits you with a +0 flail!
You die...

.#####....####
.#........#.#
.....##.....# g#
#......### .# ######'##
K# ##...## ##.# ##.....##
##gg# #.......##
#######.h.####.........##
.............+.........'.
######...####.........##
#.....# ##.......##
#.##### ##.....## #.#
##...## #.# ##+#
#.######### #.#
#.#.......# #.#


You could see 3 gnolls and a kobold.

Vanquished Creatures
  A gnoll (D:2)
  An adder (D:2)
  A worm (D:2)
  A dart slug (D:1)
  A ball python (D:1)
  4 bats (D:1)
  3 giant cockroaches (D:1)
  4 goblins (D:1)
  2 hobgoblins
  A quokka (D:1)
  4 kobolds (D:1)
  5 rats (D:1)
28 creatures vanquished.

Notes
Turn   | Place    | Note
-------+----------+-------------------------------------------
     0 | D:1      | Ethylacetat the Octopode Shapeshifter began the quest for
                  | the Orb.
     0 | D:1      | Reached XP level 1. HP: 13/13 MP: 1/1
   258 | D:1      | Reached XP level 2. HP: 18/18 MP: 2/2
   566 | D:1      | Reached XP level 3. HP: 17/23 MP: 3/3
  1599 | D:2      | Slain by a gnoll

Illustrated notes

Levels and vault maps discovered:
D:1:      onia_arrival_mini_spirals, layout_basic,
          chequers_serial_rivers_large_b, chequers_serial_rivers_micro_a
D:2:      layout_loops_corners

Action                     || total
---------------------------++-------
  Melee: Unarmed           ||    30
         Constrict         ||    14
         Tentacles         ||    14
         Punch             ||     1
         Dagger            ||    22
   Stab: Sleeping          ||     3
 Armour: Skin              ||     4
  Dodge: Dodged            ||    30

Table legend: (Time is in decaauts)
 A = Elapsed time spent in this place.
 B = Non-inter-level travel time spent in this place.
 C = Inter-level travel time spent in this place.
 D = Time resting spent in this place.
 E = Time spent auto-exploring this place.
 F = Levels seen in this place.
 G = Mean time per level.
                   A        B        C        D        E       F      G
               +--------+--------+--------+--------+--------+-----+--------+
         Total |   1588 |   1559 |     29 |      0 |   1391 |   2 |  794.0 |
       Dungeon |   1588 |   1559 |     29 |      0 |   1391 |   2 |  794.0 |
               +--------+--------+--------+--------+--------+-----+--------+

Top non-repeatable levels by time:
     D:1: 1152 daAuts
     D:2: 435 daAuts
